 Dungeon Crawl Stone Soup version 0.29-a0-512-gf59ac788ac (webtiles) character file.

Game seed: 8164238724844058390

74 dolemite99 the Bolt Thrower (level 4, -1/40 HPs)
             Began as a Hill Orc Hunter on May 29, 2022.
             Was a Follower of Fedhas.
             Slain by a jackal (3 damage)
             ... on level 2 of the Dungeon.
             The game lasted 00:01:51 (990 turns).

dolemite99 the Bolt Thrower (Hill Orc Hunter)        Turns: 990, Time: 00:01:52

Health: -1/40      AC:  5    Str: 13    XL:     4   Next: 28%
Magic:  4/4        EV: 10    Int:  9    God:    Fedhas [*.....]
Gold:   34         SH:  0    Dex: 16    Spells: 3/3 levels left

rFire   . . .      SeeInvis .   a - +1 hand crossbow
rCold   . . .      Faith    .   (no shield)
rNeg    . . .      Spirit   .   e - +0 ring mail
rPois   .          Reflect  .   (no helmet)
rElec   .          Harm     .   (no cloak)
rCorr   .          Rampage  .   (no gloves)
Will    .....                   (no boots)
Stlth   +.........              (no amulet)
HPRegen 0.13/turn               (no ring)
MPRegen 0.09/turn               (no ring)

@: no status effects
A: no striking features
a: Renounce Religion


You were on level 2 of the Dungeon.
You worshipped Fedhas.
Fedhas was aware of your devotion.
You visited 1 branch of the dungeon, and saw 2 of its levels.

You collected 34 gold pieces.

Inventory:

Hand Weapons
 a - a +1 hand crossbow (weapon)
 f - a +3 dagger of flaming
Armour
 b - a +0 leather armour
 e - a +0 ring mail (worn)
Scrolls
 c - a scroll of immolation


   Skills:
 + Level 4.1 Fighting
 + Level 4.4 Crossbows
 - Level 1.5 Dodging
 - Level 0.7 Stealth


You had 3 spell levels left.
You didn't know any spells.
Your spell library was empty.

Dungeon Overview and Level Annotations

Branches:
Dungeon (2/15)

Altars:
Fedhas

Shops:
D:1 =


Message History

* * * LOW HITPOINT WARNING * * *
The jackal closely misses you.
Shoot: a) +1 hand crossbow
Press: ? - help, Q - select action Shift-Dir - straight line, f/p - Terence
Aim: Terence, wielding a +0 flail and wearing a +0 ring mail (almost dead, 69% to hit)
You shoot a bolt. The bolt hits Terence.
You kill Terence!
Fedhas appreciates your contribution to the ecosystem.
The jackal bites you.
* * * LOW HITPOINT WARNING * * *
The jackal closely misses you. The jackal bites you.
* * * LOW HITPOINT WARNING * * *
Your Fighting skill increases to level 4!
You have reached level 4!
Unknown command.
Shoot: a) +1 hand crossbow
Press: ? - help, Q - select action Shift-Dir - straight line, f - jackal
Aim: a jackal (60% to hit)
You shoot a bolt. The bolt hits the jackal!
You kill the jackal!
Fedhas appreciates your contribution to the ecosystem.
The jackal barely misses you.
The jackal bites you but does no damage.
Okay, then.
Shoot: a) +1 hand crossbow
Press: ? - help, Q - select action Shift-Dir - straight line, f - worm
Aim: a worm (82% to hit)
You shoot a bolt. The bolt hits the worm!
The worm is heavily wounded.
The jackal bites you but does no damage. x2
The worm bites you but does no damage.
Shoot: a) +1 hand crossbow
Press: ? - help, Q - select action Shift-Dir - straight line, f/p - worm
Aim: a worm (heavily wounded, 82% to hit)
You shoot a bolt. The bolt hits the worm!
You kill the worm!
Fedhas appreciates your contribution to the ecosystem.
The jackal bites you.
You die...
Fedhas appreciates your contribution to the ecosystem.

......# ......#
####### ......#
........# ##.....#
.......... .......##
.........# ##...>...#
.........###........#
...........#†h......#
....).......@#.....##
............###...##
..........### ####
##.......#
#....##.###
#...###...##### #...
#......... #.#
##.........
#####..........


You could see a jackal.

Vanquished Creatures
  Terence (D:2)
  2 worms (D:2)
  4 ball pythons (D:1)
  4 bats (D:1)
  An endoplasm (D:1)
  3 giant cockroaches (D:1)
  4 goblins
  5 hobgoblins (D:1)
  A jackal (D:2)
  5 kobolds
  5 quokkas
  3 frilled lizards (D:1)
  A rat (D:1)
39 creatures vanquished.

Vanquished Creatures (others)
  A withered plant (D:1)
1 creature vanquished.

Grand Total: 40 creatures vanquished

Notes
Turn   | Place    | Note
-------+----------+-------------------------------------------
     0 | D:1      | dolemite99 the Hill Orc Hunter began the quest for the Orb.
     0 | D:1      | Reached XP level 1. HP: 18/18 MP: 1/1
   170 | D:1      | Reached XP level 2. HP: 25/25 MP: 2/2
   284 | D:1      | Found a faded altar of an unknown god.
   296 | D:1      | Prayed at the altar of an unknown god.
   296 | D:1      | Became a worshipper of Fedhas Madash
   296 | D:1      | Reached * piety under Fedhas
   311 | D:1      | Reached XP level 3. HP: 31/31 MP: 3/3
   597 | D:1      | Found Othrul's Jewellery Emporium.
   975 | D:2      | Noticed Terence
   987 | D:2      | Killed Terence
   987 | D:2      | HP: 1/33 [jackal (1)]
   988 | D:2      | Reached XP level 4. HP: 2/40 MP: 4/4
   990 | D:2      | Slain by a jackal

Illustrated notes

Levels and vault maps discovered:
D:1:      dpeg_arrival_signposts, layout_rooms, serial_shops,
          nicolae_diamond_shop, ebering_ecumenical_altar_petrified,
          roderic_lattice_a, nicolae_concentric_dashed_squares_mild,
          corexii_corridor_pit, corexii_hall_statues_t,
          chequers_serial_rivers_micro_d
D:2:      layout_rooms, serial_shops, nicolae_lakefront_shop, basic_altar,
          kennysheep_generic_room_16, uniq_terence

Skill      XL: |  1  2  3 |
---------------+----------+-----
Fighting       | 3 4 |  4.1
Crossbows      | 4 |  4.4
Dodging        | |  1.5
Stealth        | |  0.7

Action                   |  1- 3 |  4- 6 || total
-------------------------+-------+-------++-------
 Fire: Hand crossbow     |   104 |     3 ||   107
  Use: Scroll            |     3 |       ||     3
       Potion            |     1 |       ||     1
Armor: Leather armour    |    14 |       ||    14
       Ring mail         |    11 |     4 ||    15
Dodge: Dodged            |    47 |     1 ||    48

Table legend: (Time is in decaauts)
 A = Elapsed time spent in this place.
 B = Non-inter-level travel time spent in this place.
 C = Inter-level travel time spent in this place.
 D = Time resting spent in this place.
 E = Time spent auto-exploring this place.
 F = Levels seen in this place.
 G = Mean time per level.
                   A        B        C        D        E       F      G
               +--------+--------+--------+--------+--------+-----+--------+
         Total |   1029 |    971 |     58 |      4 |    700 |   2 |  514.5 |
       Dungeon |   1029 |    971 |     58 |      4 |    700 |   2 |  514.5 |
               +--------+--------+--------+--------+--------+-----+--------+

Top non-repeatable levels by time:
     D:1: 929 daAuts
     D:2: 99 daAuts
